 Dungeon Crawl Stone Soup version 0.25-a0-940-gc6eaff51cc (webtiles) character file.

Game seed: 6551868125670535645, levelgen mode: deterministic

142695 pseudo86 the Slayer (level 16, -2/167 HPs)
             Began as a Minotaur Berserker on Apr 30, 2020.
             Was a High Priest of Trog.
             Shot with a sling bullet by a faun (12 damage)
             ... led by a satyr
             ... on level 2 of the Shoals on May 5, 2020.
             The game lasted 05:01:21 (36120 turns).

pseudo86 the Slayer (Minotaur Berserker)           Turns: 36120, Time: 05:01:23

Health: -2/167     AC: 15    Str: 31    XL:     16   Next: 81%
Magic:  15/15      EV: 11    Int:  4    God:    Trog [*****.]
Gold:   2193       SH: 28    Dex: 11    Spells: 15/15 levels left

rFire    . . .     SeeInvis +   a - +9 broad axe (vorpal)
rCold    . . .     Gourm    .   y - +0 tower shield
rNeg     . . .     Faith    .   U - +0 scale mail {MR+}
rPois    +         Spirit   .   (helmet restricted)
rElec    .         Reflect  +   N - +0 cloak {rPois}
rCorr    .         Harm     .   P - +0 pair of gloves
MR       ++...                  z - +0 pair of boots
Stlth    ..........             m - +6 amulet of reflection
HPRegen  0.37/turn              h - +3 ring of strength
MPRegen  0.14/turn              s - ring of see invisible

@: marked, barbed spikes, very slow
A: retaliatory headbutt, horns 2
a: Berserk, Trog's Hand, Brothers in Arms, Renounce Religion


You were on level 2 of the Shoals.
You worshipped Trog.
Trog was extremely pleased with you.
You were not hungry.

You visited 5 branches of the dungeon, and saw 27 of its levels.

You collected 2768 gold pieces.
You spent 575 gold pieces at shops.

Inventory:

Hand Weapons
 a - a +9 vorpal broad axe (weapon)
 b - a +4 scimitar of flaming
Missiles
 A - 10 silver javelins (quivered)
 H - 3 throwing nets
 K - 8 curare-tipped darts
Armour
 y - a +0 tower shield (worn)
 z - a +0 pair of boots (worn)
 B - a +2 plate armour of fire resistance
 N - a +0 cloak of poison resistance (worn)
 P - a +0 pair of gloves (worn)
 U - a +0 scale mail of magic resistance (worn)
Jewellery
 g - an uncursed ring of positive energy
 h - a +3 ring of strength (left hand)
 m - a +6 amulet of reflection (around neck)
 s - a ring of see invisible (right hand)
 t - an uncursed ring of protection from cold
 F - a +3 ring of strength
 W - an uncursed ring of fire
Wands
 d - a wand of clouds (15)
 l - a wand of acid (14)
 w - a wand of digging (3)
 D - a wand of scattershot (8)
 J - a wand of iceblast (21)
 T - a wand of flame (130)
 Z - a wand of disintegration (20)
Scrolls
 e - 5 scrolls of immolation
 f - 3 scrolls of holy word
 i - 14 scrolls of remove curse
 j - 8 scrolls of teleportation
 n - a scroll of brand weapon
 o - 5 scrolls of enchant armour
 p - 2 scrolls of fear
 r - 2 scrolls of enchant weapon
 L - 2 scrolls of fog
 R - 10 scrolls of identify
 S - a scroll of blinking
 V - 3 scrolls of magic mapping
Potions
 k - 3 potions of resistance
 u - 14 potions of curing
 v - a potion of mutation
 x - 5 potions of flight
 C - 4 potions of brilliance
 E - 5 potions of haste
 I - 6 potions of might
 M - 4 potions of stabbing
 O - 2 potions of cancellation
 Q - 6 potions of lignification
 X - a potion of magic
 Y - a potion of heal wounds
Miscellaneous
 q - a lightning rod (4/4)
Comestibles
 c - 26 rations


   Skills:
 * Level 21.3 Fighting
 + Level 16.1 Axes
 + Level 15.8 Armour
 - Level 5.8 Dodging
 + Level 15.5 Shields


You had 15 spell levels left.
You didn't know any spells.
Your spell library was empty.

Dungeon Overview and Level Annotations

Branches:
Dungeon (15/15)            Temple (0/1) D:7            Lair (6/6) D:9
 Shoals (2/4) Lair:3       Spider (2/4) Lair:4        Slime (0/5) Lair:6
    Orc (2/2) D:10            Elf (0/3) Orc:2        Vaults (0/5) D:13
 Depths (0/5) D:15

Altars:
Cheibriados
Gozag
Kikubaaqudgha
Nemelex Xobeh
Okawaru
Qazlal
Trog
Vehumet
Wu Jian
Xom
Zin
Beogh

Shops:
D:14 *   Orc:1 :   Orc:2 [}?[(   Shoals:2 *

Portals:
Trove: D:11 (give +2 gold dragon scales)

Annotations:
D:10 2 transporters, bmj180's ghost, novice DrCj
Lair:1 3 runed translucent doors, coffeespoons's ghost, journeyman GnWz
Spider:2 Roxanne


Innate Abilities, Weirdness & Mutations

You reflexively headbutt those who attack you in melee.
You have a pair of horns on your head.


Message History

The water swirls and strikes you!
* * * LOW HITPOINT WARNING * * *
The faun shoots a sling bullet.
You reflect the sling bullet off an invisible shield around you!
The sling bullet hits the faun!!
Evoke which item? (* to show all) (? for menu, Esc to quit)
Aiming: Cloud Cone
Press: ? - help, Dir - move target cursor, f - faun
Aim: a faun, wielding a +0 hunting sling and quivering 12 sling bullets (severely wounded, unusually strong)
You create a blast of noxious fumes!
You block the harpy's attack. x2
The harpy barely misses you. You furiously retaliate!
You headbutt the harpy, but do no damage.
The harpy claws you.
* * * LOW HITPOINT WARNING * * *
Your ogre closely misses the harpy.
A merfolk siren comes into view. It is wielding a +0 spear.
The manticore is engulfed in noxious fumes.
The manticore appears confused.
The faun shoots a sling bullet.
The sling bullet hits you!
You die...

.≈≈≈≈≈≈≈≈≈≈≈≈≈≈≈
....≈≈≈≈≈≈≈≈≈≈≈≈≈≈≈≈
....P≈PPP≈≈≈≈≈≈≈≈≈≈≈
....PPPPP≈≈≈≈≈≈≈≈≈≈≈
....P.P≈P≈≈≈≈≈≈≈≈≈≈≈
#.........≈P≈≈≈≈≈≈≈≈≈≈≈
#P..........≈≈HO≈≈≈≈≈≈≈
##.............§@≈≈≈≈≈≈≈
#P≈P.......∩.§§§H≈≈≈≈≈≈≈
.P≈P........§§§m≈≈≈≈≈≈≈≈
≈≈PP......(c§c§§≈≈≈≈≈≈≈≈
≈≈P......m.cc§§≈.≈≈≈≈≈≈≈
.........cm..≈≈..≈≈≈≈≈≈≈
..............≈...≈≈≈≈≈≈
#......)..........≈≈≈.≈≈
##...###............≈≈≈


You could see a merfolk impaler, a satyr, 4 fauns, a manticore (confused), a
merfolk siren, a water nymph, a harpy and a friendly ogre (berserk).

Vanquished Creatures
  Rupert (D:13)
  Donald (Spider:1)
  Ilsuiw (Shoals:2)
  A ghost moth (Spider:2)
  Louise (Shoals:1)
  An emperor scorpion (Spider:1)
  An orc warlord (Orc:1)
  3 entropy weavers (Spider:1)
  A spark wasp (Spider:2)
  2 ettins (Orc:1)
  A merfolk javelineer (Shoals:2)
  5 merfolk impalers
  Fannar (D:12)
  Erolcha (D:12)
  A rakshasa (D:15)
  2 hydras (Lair:1)
  3 merfolk avatars
  Erica (Orc:1)
  2 centaur warriors (D:15)
  5 ogre magi
  11 two-headed ogres
  7 dancing weapons (Spider:1)
  2 tengu warriors
  A merfolk aquamancer (Shoals:2)
  2 unseen horrors (D:14)
  6 skeletal warriors (D:13)
  6 sea snakes
  A wizard (D:15)
  A lindwurm (Lair:3)
  4 harpies
  2 orc knights
  8 orc sorcerers
  6 orb spiders
  3 manticores
  5 wolf spiders
  4 cyclopes
  10 ugly things
  4 deep elf magi
  5 fauns (Shoals:2)
  11 elephants
  8 merfolk sirens
  2 water nymphs
  6 black mambas
  A naga mage (D:15)
  13 spiny frogs
  A gargoyle (D:11)
  2 redback zombies
  4 rime drakes
  4 yaktaurs (D:15)
  2 efreet
  4 demonic crawlers
  9 komodo dragons
  7 trolls
  A wind drake (Shoals:2)
  8 jumping spiders
  11 merfolk
  2 tengu conjurers (D:14)
  5 hornets
  16 slime creatures
  4 polar bears
  7 blink frogs
  14 hippogriffs
  4 water elementals (Shoals:2)
  21 redbacks
  35 yaks
  A spriggan (D:8)
  21 tarantellas
  6 wyverns
  A fire elemental (Lair:2)
  A wraith (D:15)
  9 fire bats (Lair:2)
  9 vampire mosquitoes (D:14)
  2 hungry ghosts
  A steam dragon (D:8)
  3 basilisks
  Edmund (D:4)
  2 acid dragons
  11 water moccasins
  8 porcupines
  A hornet zombie (D:12)
  An ice beast (D:12)
  14 orc warriors
  6 sky beasts
  3 phantoms
  An eye of draining (D:13)
  A boggart (D:13)
  22 ogres
  9 wolves
  13 crocodiles
  15 centaurs
  5 big kobolds
  2 gnoll sergeants
  21 bullfrogs
  3 wyvern skeletons
  A scorpion (D:4)
  4 killer bees (D:10)
  4 howler monkeys
  11 wights
  2 vampire bats (Orc:1)
  2 lava snakes (Lair:2)
  15 crimson imps
  5 centaur zombies
  A bullfrog zombie (D:6)
  9 hounds
  2 bullfrog skeletons
  12 orc priests
  6 jellies
  A gnoll shaman (D:5)
  Ijyb (D:4)
  Jessica (D:2)
  6 centaur skeletons
  Terence (D:2)
  6 iguanas
  25 orc wizards
  12 worker ants
  A killer bee zombie (D:8)
  A hound zombie (D:6)
  A mummy (D:5)
  2 hound skeletons
  Robin (D:4)
  2 howler monkey skeletons
  4 worker ant zombies
  15 gnolls
  11 adders
  3 shadow imps
  3 adder zombies
  2 worms
  2 dart slugs
  9 leopard geckos
  70 orcs
  2 ball pythons
  20 bats
  6 giant cockroaches
  18 goblins
  9 hobgoblins
  21 jackals
  3 quokkas
  3 frilled lizards
  A giant cockroach zombie (D:6)
  2 hobgoblin zombies (D:5)
  12 kobolds
  2 orc zombies (D:5)
  A quokka skeleton (D:5)
  A quokka zombie (D:8)
  7 rats
  3 fungi
  3 plants
886 creatures vanquished.

Vanquished Creatures (collateral kills)
  A hydra (Lair:2)
  A manticore (Shoals:2)
  A water nymph (Shoals:1)
  A wind drake (Shoals:2)
  A merfolk (Shoals:2)
  A crocodile (Lair:2)
6 creatures vanquished.

Vanquished Creatures (others)
  2 fauns (Shoals:2)
  A sky beast (D:15)
  4 centaurs
  7 fungi
  11 plants
25 creatures vanquished.

Grand Total: 917 creatures vanquished

Notes
Turn   | Place    | Note
-------+----------+-------------------------------------------
     0 | D:1      | pseudo86 the Minotaur Berserker began the quest for the
                  | Orb.
     0 | D:1      | Reached XP level 1. HP: 19/19 MP: 0/0
   257 | D:1      | Reached skill level 4 in Fighting
   257 | D:1      | Reached XP level 2. HP: 27/27 MP: 1/1
   660 | D:1      | Reached XP level 3. HP: 33/33 MP: 2/2
   762 | D:2      | Noticed Terence
   812 | D:2      | Reached ** piety under Trog
   941 | D:2      | Found an ornate altar of the Wu Jian Council.
  1084 | D:2      | Noticed Jessica
  1242 | D:2      | Killed Terence
  1242 | D:2      | Reached XP level 4. HP: 41/41 MP: 3/3
  1379 | D:2      | Killed Jessica
  1379 | D:2      | Reached skill level 5 in Fighting
  1527 | D:2      | Reached XP level 5. HP: 48/48 MP: 4/4
  1915 | D:3      | You fall into a shaft and drop 3 floors!
  1978 | D:6      | Reached skill level 5 in Axes
  1978 | D:6      | Reached skill level 1 in Shields
  1978 | D:6      | Reached XP level 6. HP: 57/57 MP: 5/5
  1986 | D:6      | Reached skill level 6 in Fighting
  1989 | D:6      | Reached *** piety under Trog
  2460 | D:6      | Reached XP level 7. HP: 57/64 MP: 6/6
  2843 | D:6      | Reached skill level 7 in Fighting
  3026 | D:6      | Reached skill level 5 in Armour
  3089 | D:5      | Entered Level 5 of the Dungeon
  3163 | D:4      | Noticed Edmund
  3191 | D:5      | Reached XP level 8. HP: 68/73 MP: 7/7
  3371 | D:5      | Noticed a two-headed ogre
  3389 | D:5      | Killed a two-headed ogre
  3389 | D:5      | Reached skill level 8 in Fighting
  3389 | D:5      | Reached skill level 5 in Dodging
  3713 | D:5      | Reached skill level 9 in Fighting
  3830 | D:5      | Reached **** piety under Trog
  4057 | D:5      | Got an ivory great mace
  4058 | D:5      | Identified the +10 great mace of Leakk {holy, Fragile +Inv
                  | rN+} (You found it on level 5 of the Dungeon)
  4095 | D:5      | Reached XP level 9. HP: 83/83 MP: 8/8
  4534 | D:4      | Killed Edmund
  4534 | D:4      | Reached skill level 5 in Shields
  5138 | D:4      | Found a shimmering altar of Xom.
  5366 | D:4      | Reached skill level 10 in Fighting
  5425 | D:4      | Identified the +1 helmet "Zailax" {+Fly rF+ rCorr Str+4}
  5425 | D:4      | Noticed Robin
  5428 | D:4      | Noticed Ijyb
  5429 | D:4      | Reached ***** piety under Trog
  5435 | D:4      | Killed Ijyb
  5442 | D:4      | Killed Robin
  5538 | D:4      | Found an iron altar of Okawaru.
  5538 | D:4      | Found a snail-covered altar of Cheibriados.
  5668 | D:3      | Found a bloodstained altar of Trog.
  5668 | D:3      | Found a stormy altar of Qazlal.
  5668 | D:3      | Found a sparkling altar of Nemelex Xobeh.
  7107 | D:7      | Found a staircase to the Ecumenical Temple.
  7363 | D:7      | Found an opulent altar of Gozag.
  7516 | D:8      | Reached skill level 11 in Fighting
  7516 | D:8      | Reached XP level 10. HP: 69/95 MP: 9/9
  8019 | D:8      | Found a glowing silver altar of Zin.
  8128 | D:8      | Received a gift from Trog
  8482 | D:9      | Found an iron altar of Okawaru.
  8929 | D:9      | Found a staircase to the Lair.
  9299 | D:9      | Reached skill level 12 in Fighting
  9379 | D:10     | Entered Level 10 of the Dungeon
  9392 | D:10     | Noticed bmj180's ghost (novice DrCj)
  9392 | D:10     | Noticed a two-headed ogre
  9393 | D:10     | Found a transporter.
  9394 | D:10     | Identified the +7 great mace "Wojoqies" {venom, Int+7}
  9394 | D:10     | Noticed a two-headed ogre
  9407 | D:10     | Found a transporter.
  9407 | D:10     | Noticed a two-headed ogre
  9418 | D:10     | Killed a two-headed ogre
  9926 | D:10     | Found a staircase to the Orcish Mines.
 10209 | D:10     | Reached XP level 11. HP: 92/105 MP: 3/10
 11144 | D:11     | Noticed a white ugly thing
 11157 | D:10     | Reached skill level 13 in Fighting
 11178 | D:11     | Reached skill level 10 in Axes
 11211 | D:11     | Killed a white ugly thing
 11554 | D:11     | Found a stormy altar of Qazlal.
 11801 | D:11     | Received a gift from Trog
 11980 | D:11     | Reached skill level 10 in Armour
 12041 | D:11     | Found a portal to a secret trove of treasure.
 12558 | D:12     | Noticed Erolcha
 12564 | D:12     | Killed Erolcha
 12712 | D:12     | Noticed Fannar
 12721 | D:12     | Killed Fannar
 12721 | D:12     | Reached skill level 14 in Fighting
 12871 | D:12     | Reached XP level 12. HP: 64/118 MP: 11/11
 13278 | Orc:1    | Entered Level 1 of the Orcish Mines
 13321 | Lair:1   | Entered Level 1 of the Lair of Beasts
 13321 | Lair:1   | Noticed a five-headed hydra
 13556 | Lair:1   | Killed a five-headed hydra
 13556 | Lair:1   | Reached skill level 10 in Shields
 14240 | Lair:1   | Noticed a four-headed hydra
 14250 | Lair:1   | Killed a four-headed hydra
 14250 | Lair:1   | Reached skill level 15 in Fighting
 14844 | Lair:1   | Found a runed translucent gate.
 14844 | Lair:1   | Found a runed translucent gate.
 14844 | Lair:1   | Found a runed translucent gate.
 14846 | Lair:1   | Noticed coffeespoons's ghost (journeyman GnWz)
 14847 | Lair:1   | Noticed a 12-headed hydra
 14847 | Lair:1   | Noticed a 12-headed hydra
 15560 | Lair:2   | Noticed a five-headed hydra
 15574 | Lair:2   | Killed a seven-headed hydra
 16516 | Lair:2   | Received a gift from Trog
 17124 | Lair:3   | Reached XP level 13. HP: 122/128 MP: 12/12
 17229 | Lair:3   | Reached skill level 16 in Fighting
 17534 | Lair:3   | Found a staircase to the Shoals.
 17692 | Lair:3   | Upgraded the game from 0.25-a0-869-g05d4e06a41 to
                  | 0.25-a0-930-g9f5dfa9815
 17990 | Lair:4   | Found a hole to the Spider Nest.
 19191 | Lair:5   | You fall into a shaft and drop 1 floor!
 19191 | Lair:6   | Entered Level 6 of the Lair of Beasts
 19191 | Lair:6   | Found a staircase to the Slime Pits.
 19732 | Lair:5   | Received a gift from Trog
 20299 | Lair:6   | Reached skill level 17 in Fighting
 20920 | Lair:6   | Found a shimmering altar of Xom.
 21245 | Lair:6   | Reached XP level 14. HP: 126/140 MP: 13/13
 21599 | Spider:1 | Entered Level 1 of the Spider Nest
 22138 | D:13     | Noticed Rupert
 22145 | D:13     | Killed Rupert
 22382 | D:13     | Received a gift from Trog
 22424 | D:13     | Found a gate to the Vaults.
 22630 | D:13     | Reached skill level 18 in Fighting
 24603 | D:14     | Received a gift from Trog
 24903 | D:14     | Found Jongaseon's Assorted Antiques.
 25429 | D:14     | Bought a potion of curing for 51 gold pieces
 25429 | D:14     | Bought a scroll of identify for 34 gold pieces
 25429 | D:14     | Bought a scroll of identify for 34 gold pieces
 25429 | D:14     | Bought a scroll of identify for 34 gold pieces
 25429 | D:14     | Bought a scroll of identify for 34 gold pieces
 25429 | D:14     | Bought 3 scrolls of immolation for 178 gold pieces
 25771 | Orc:1    | Found a bloodstained altar of Trog.
 25838 | Orc:1    | Found Muqurchemiqo's Book Shoppe.
 25880 | Orc:1    | Reached XP level 15. HP: 98/151 MP: 14/14
 26136 | Orc:1    | Noticed Erica
 26145 | Orc:1    | Killed Erica
 26145 | Orc:1    | Reached skill level 19 in Fighting
 26256 | Orc:1    | Noticed an orc warlord
 26275 | Orc:1    | Killed an orc warlord
 26474 | Orc:1    | Received a gift from Trog
 26643 | Orc:2    | Entered Level 2 of the Orcish Mines
 26691 | Orc:2    | Found a staircase to the Elven Halls.
 26870 | Orc:2    | Found Sil Qixyd's Antique Armour Emporium.
 27449 | Orc:2    | Found Lasygron's Gadget Emporium.
 27465 | Orc:2    | Found a radiant altar of Vehumet.
 27508 | Orc:2    | Found an ancient bone altar of Kikubaaqudgha.
 27606 | Orc:2    | Found a roughly hewn altar of Beogh.
 27606 | Orc:2    | Found Sulixkok's Magic Scroll Shoppe.
 27606 | Orc:2    | Found Ceorphud's Antique Weapon Emporium.
 27630 | Orc:2    | Found Jeteazowk's Antique Armour Emporium.
 27669 | Orc:2    | Bought a glowing cloak for 210 gold pieces
 28372 | D:15     | Entered Level 15 of the Dungeon
 29022 | D:15     | Received a gift from Trog
 29398 | D:15     | Reached skill level 15 in Axes
 29404 | D:15     | Found a staircase to the Depths.
 29800 | D:15     | Upgraded the game from 0.25-a0-930-g9f5dfa9815 to
                  | 0.25-a0-940-gc6eaff51cc
 30601 | Spider:1 | Reached skill level 20 in Fighting
 30984 | Spider:1 | Found a runed translucent door.
 31041 | Spider:1 | Received a gift from Trog
 31164 | Spider:1 | Reached skill level 15 in Armour
 31197 | Spider:1 | Reached XP level 16. HP: 117/163 MP: 15/15
 31322 | Spider:2 | Identified Roxanne's Compendium of Moulding
 31322 | Spider:2 | Noticed Roxanne
 31540 | Spider:2 | Noticed Donald
 31821 | Spider:1 | Killed Donald
 32978 | Spider:2 | Reached skill level 15 in Shields
 33475 | Shoals:1 | Entered Level 1 of the Shoals
 33475 | Shoals:1 | Noticed Louise
 33508 | Shoals:1 | Killed Louise
 34680 | Shoals:2 | Noticed Ilsuiw
 34955 | Shoals:2 | Reached skill level 21 in Fighting
 35771 | Shoals:2 | Killed Ilsuiw
 36085 | Shoals:2 | Found Woutis's Whimsical Warehouse.
 36116 | Shoals:2 | HP: 4/167 [faun/sling bullet[a satyr] (15)]
 36120 | Shoals:2 | Shot with a sling bullet by a faun

Levels and vault maps discovered:
D:1:      dpeg_arrival_pits, layout_basic, minmay_box_of_dots
D:2:      layout_rooms, marbit_many_paths, uniq_jessica, uniq_terence
D:3:      layout_basic, chequers_temple_overflow_statue_of_worship, first_ration
D:4:      layout_layer_cave, gammafunk_temple_overflow_elements, led_xom_imps,
          uniq_robin, uniq_ijyb, uniq_edmund
D:5:      layout_loops_ring, minmay_mini_ossuary
D:6:      layout_gridville, chequers_serial_rivers_micro_a
D:7:      layout_basic, minmay_temple_entry_junction_2,
          nicolae_gozag_seed_capital
D:8:      layout_basic, basic_altar, the_bakery, minmay_tree_intersection
D:9:      layout_rooms, minmay_lair_entry_grove, lemuel_altar_in_water
D:10:     layout_stronghold, orc_0_dummy, gammafunk_ghost_smash,
          serial_bayou_lake_a
D:11:     layout_irregular_city, enter_trove_6, st_stairs_12,
          grunt_qazlal_sundering
D:12:     layout_long_grid, uniq_fannar, uniq_erolcha
D:13:     layout_gridville, hangedman_vaults_entry_quadrant_bands, uniq_rupert
D:14:     layout_roguey, hangedman_decor_growths, serial_shops,
          nicolae_shop_stone, minmay_fractal_squares_5
D:15:     grunt_enter_depths_magical_seal, layout_loops_ring,
          minmay_misc_feat_four_crosses
Lair:1:   layout_cave_shapes, gammafunk_ghost_hydra_chop,
          infiniplex_staircase_pool
Lair:2:   layout_chaotic_city, minivault_11, st_stairs_9,
          eino_small_chamber_without_monster
Lair:3:   layout_small_grid, minmay_shoals_entry_lonely_mermaid,
          serial_bayou_shore_b
Lair:4:   layout_long_grid, spider_nest_entry_rubble, serial_bayou_shore_b,
          lemuel_fruit_fields
Lair:5:   layout_regular_city, beast_lair_carwin_10, grunt_megastairs_5
Lair:6:   gammafunk_lair_ancient_temple, layout_loops_ring,
          minmay_slime_entry_pillars, basic_altar
Shoals:1: layout_shoals, uniq_louise
Shoals:2: layout_shoals, nicolae_alphabet_shops, uniq_ilsuiw
Spider:1: cheibrodos_spider_deadly_dance
Spider:2: layout_spider_delve, uniq_roxanne, uniq_donald
Orc:1:    layout_diamond_mine, serial_shops, shop, roderic_batcave,
          trog_butcher_becter, uniq_erica
Orc:2:    kennysheep_orc_mage_school, layout_diamond_mine, serial_shops, shop

Skill      XL: |  1  2  3  4  5  6  7  8  9 10 11 12 13 14 15 16 |
---------------+-------------------------------------------------+-----
Fighting       | 4 5 6 7 9 11 12 14 15 17 18 20 21 | 21.3
Axes           | 4 5 6 8 9 10 12 13 14 15 16 | 16.1
Armour         | 3 4 5 6 7 9 10 11 12 14 15 | 15.8
Dodging        | 3 4 5 |  5.8
Shields        | 1 2 3 4 6 8 9 11 12 13 14 15 | 15.5

Action                   |  1- 3 |  4- 6 |  7- 9 | 10-12 | 13-15 | 16-18 || total
-------------------------+-------+-------+-------+-------+-------+-------++-------
Melee: Hand axe          |   105 |   104 |   359 |       |       |       ||   568
       Headbutt          |     5 |    10 |    94 |   117 |   249 |    66 ||   541
       Broad axe         |       |       |    79 |   406 |   976 |   293 ||  1754
       War axe           |       |       |     4 |       |       |       ||     4
       Battleaxe         |       |       |       |   122 |       |       ||   122
       Dire flail        |       |       |       |     7 |       |       ||     7
       Morningstar       |       |       |       |     1 |       |       ||     1
Throw: Dart              |       |       |    17 |     8 |       |       ||    25
Invok: Berserk           |     3 |     3 |    10 |    11 |    16 |     2 ||    45
       Brothers in Arms  |       |       |       |     1 |       |     4 ||     5
       Trog's Hand       |       |       |       |       |     9 |     4 ||    13
Evoke: Wand              |       |       |       |       |       |     7 ||     7
  Use: Potion            |     3 |       |       |       |     2 |     4 ||     9
       Scroll            |     4 |       |     6 |    12 |    13 |     5 ||    40
 Stab: Distracted        |       |       |       |       |       |     1 ||     1
  Eat: Chunk             |     3 |     5 |    14 |    32 |    48 |     7 ||   109
       Ration            |       |     1 |     3 |     3 |     5 |     4 ||    16
Armor: Animal skin       |     3 |       |       |       |       |       ||     3
       Scale mail        |    42 |    27 |       |       |   144 |   117 ||   330
       Plate armour      |       |    27 |   237 |   167 |    81 |       ||   512
       Ring mail         |       |       |       |    52 |    18 |       ||    70
       Leather armour    |       |       |       |       |     8 |       ||     8
Dodge: Dodged            |    70 |    46 |   181 |   234 |   216 |   113 ||   860
Block: Kite shield       |       |       |       |   209 |   122 |       ||   331
       Tower shield      |       |       |       |       |   642 |   584 ||  1226
       Reflection        |       |       |       |       |       |    50 ||    50

Table legend:
 A = Non-vault XP
 B = Vault XP
 C = Vault XP percentage of total XP
 D = Non-vault monster count
 E = Vault monster count
 F = Vault count percentage of total count
                 A         B        C        D         E       F
            +---------+---------+-------+---------+---------+-------
      Total |  139164 |   64687 |  31.7 |     687 |     206 |  23.1
            +---------+---------+-------+---------+---------+-------
        D:1 |      43 |       6 |  12.2 |      25 |       4 |  13.8
        D:2 |      77 |      76 |  49.7 |      21 |       3 |  12.5
        D:3 |     111 |       0 |   0.0 |      24 |       0 |   0.0
        D:4 |     620 |     436 |  41.3 |      20 |      17 |  45.9
        D:5 |    1595 |      25 |   1.5 |      36 |       5 |  12.2
        D:6 |    1201 |       0 |   0.0 |      29 |       0 |   0.0
        D:7 |    1082 |       0 |   0.0 |      26 |       0 |   0.0
        D:8 |     837 |     163 |  16.3 |      18 |       1 |   5.3
        D:9 |     525 |    1778 |  77.2 |       9 |      13 |  59.1
       D:10 |    4876 |       0 |   0.0 |      41 |       0 |   0.0
       D:11 |    4486 |     406 |   8.3 |      40 |       1 |   2.4
       D:12 |    3268 |    2057 |  38.6 |      16 |       2 |  11.1
       D:13 |   10869 |    7464 |  40.7 |      36 |      21 |  36.8
       D:14 |   11564 |    2025 |  14.9 |      41 |       8 |  16.3
       D:15 |   10526 |    7779 |  42.5 |      34 |      11 |  24.4
     Lair:1 |    6224 |       0 |   0.0 |      22 |       0 |   0.0
     Lair:2 |    5916 |     103 |   1.7 |      26 |       1 |   3.7
     Lair:3 |    3972 |     458 |  10.3 |      17 |       1 |   5.6
     Lair:4 |    5074 |     631 |  11.1 |      26 |       2 |   7.1
     Lair:5 |     882 |    5929 |  87.1 |       5 |      15 |  75.0
     Lair:6 |    3827 |   10457 |  73.2 |      12 |      28 |  70.0
   Shoals:1 |   10299 |    1686 |  14.1 |      20 |       1 |   4.8
   Shoals:2 |   16044 |    3736 |  18.9 |      34 |       5 |  12.8
   Spider:1 |   15769 |   10683 |  40.4 |      37 |      19 |  33.9
   Spider:2 |    9606 |       0 |   0.0 |      21 |       0 |   0.0
      Orc:1 |    8678 |    1277 |  12.8 |      45 |      14 |  23.7
      Orc:2 |    1193 |    7512 |  86.3 |       6 |      34 |  85.0
            +---------+---------+-------+---------+---------+-------
